 Dungeon Crawl Stone Soup version 0.28-a0-804-g60983d4ba9 (webtiles) character file.

Game seed: 4796633719595211182

2 kae the Caller (level 1, -1/10 HPs)
             Began as a Tengu Summoner on Nov 7, 2021.
             Slain by a jackal (3 damage)
             ... on level 1 of the Dungeon.
             The game lasted 00:00:10 (305 turns).

kae the Caller (Tengu Summoner)                      Turns: 305, Time: 00:00:10

Health: -1/10      AC:  2    Str:  8    XL:     1   Next: 40%
Magic:  3/4        EV: 12    Int: 15    God:
Gold:   0          SH:  0    Dex: 14    Spells: 3/4 levels left

rFire   . . .      SeeInvis .   c - +0 mace
rCold   . . .      Faith    .   (no shield)
rNeg    . . .      Spirit   .   a - +0 robe
rPois   .          Reflect  .   (helmet restricted)
rElec   .          Harm     .   (no cloak)
rCorr   .          Rampage  .   (no gloves)
Will    .....                   (boots unavailable)
Stlth   ++........              (no amulet)
HPRegen 0.03/turn               (no ring)
MPRegen 0.09/turn               (no ring)

@: no status effects
A: beak, talons 3
a: no special abilities


You were on level 1 of the Dungeon.
You visited 1 branch of the dungeon, and saw 1 of its levels.

Inventory:

Hand Weapons
 c - a +0 mace (weapon)
Armour
 a - a +0 robe (worn)
Potions
 b - a potion of resistance {unknown}


   Skills:
 + Level 0.1 Fighting
 + Level 2.2 Dodging
 - Level 2.0 Stealth
 + Level 2.0 Spellcasting
 * Level 4.9 Summonings


You had 3 spell levels left.
You knew the following spells:

 Your Spells              Type           Power      Damage    Failure   Level
a - Summon Small Mammal   Summ           64%        N/A       3%          1

Your spell library contained the following spells:

 Spells                   Type           Power      Damage    Failure   Level
 Call Imp                 Summ           16%        N/A       4%          2
 Call Canine Familiar     Summ           16%        N/A       9%          3
 Summon Guardian Golem    Hex/Summ       8%         N/A       24%         3
 Summon Lightning Spire   Summ/Air       8%         N/A       63%         4


Dungeon Overview and Level Annotations

Branches:
Dungeon (1/15)

Altars:


Innate Abilities, Weirdness & Mutations

You have a beak for a mouth.
You have claws for feet.


Message History

Your bat hits the hobgoblin but does no damage.
The kobold barely misses you.
Your bat hits the kobold but does no damage.
You closely miss the kobold. Your peck misses the kobold.
Your bat hits the kobold but does no damage.
Your bat closely misses the kobold.
Your bat hits the hobgoblin but does no damage.
The kobold hits you with a +0 dagger.
Your bat misses the hobgoblin. The kobold hits you with a +0 dagger.
You are too injured to fight recklessly!
You are too injured to fight recklessly!
There are monsters nearby!
You are too injured to fight recklessly!
You are too injured to fight recklessly!
There are monsters nearby!
You are too injured to fight recklessly!
You are too injured to fight recklessly!
You hit the kobold but do no damage. You claw the kobold. You peck the kobold.
You kill the kobold!
Your bat hits the jackal but does no damage.
Your bat hits the hobgoblin. The jackal barely misses you.
A goblin comes into view. It is wielding a +0 club.
The jackal closely misses you. The hobgoblin hits your bat.
Your bat hits the jackal but does no damage.
You closely miss the jackal.
Your bat barely misses the jackal.
Your bat closely misses the hobgoblin.
The jackal misses you. The jackal bites you.
* * * LOW HITPOINT WARNING * * *
Your bat barely misses the jackal.
The hobgoblin barely misses your bat. The jackal bites you.
* * * LOW HITPOINT WARNING * * *
The jackal closely misses you.
Your bat barely misses the jackal.
The hobgoblin hits your bat.
Your bat dies!
Your bat's corpse disappears in a puff of smoke!
Your bat closely misses the hobgoblin.
Your bat misses the jackal.
Your bat closely misses the jackal.
Your bat hits the hobgoblin but does no damage.
Your bat barely misses the goblin.
The jackal bites you.
You die...

#.# #.# #.# ####.#
#### #....# ...#
#.###########.b.####
#.# #..............
#)####....h.....(...
#....#..@h..g.g.....
####.#.######)..####
#.#.# ....# #.#.#
....# ##.####r#.#
....# ..........#
...## ###########
...# ...#


You could see 2 jackals, a hobgoblin (ally target), a goblin and a friendly bat
(summoned).

Vanquished Creatures
  A hobgoblin (D:1)
  2 kobolds (D:1)
3 creatures vanquished.

Notes
Turn   | Place    | Note
-------+----------+-------------------------------------------
     0 | D:1      | kae the Tengu Summoner began the quest for the Orb.
     0 | D:1      | Reached XP level 1. HP: 10/10 MP: 4/4
   305 | D:1      | Slain by a jackal

Illustrated notes

Levels and vault maps discovered:
D:1:      dpeg_cavernosity, layout_loops_cross, minmay_tiny_reverse_x

Action                   || total
-------------------------++-------
Melee: Unarmed           ||     8
       Mace              ||     4
       Kick              ||     4
       Peck              ||     2
 Cast: Summon Small Mamm ||     4
Armor: Robe              ||     2
Dodge: Dodged            ||    12

Table legend: (Time is in decaauts)
 A = Elapsed time spent in this place.
 B = Non-inter-level travel time spent in this place.
 C = Inter-level travel time spent in this place.
 D = Time resting spent in this place.
 E = Time spent auto-exploring this place.
 F = Levels seen in this place.
 G = Mean time per level.
                   A        B        C        D        E       F      G
               +--------+--------+--------+--------+--------+-----+--------+
         Total |    306 |    306 |      0 |      0 |    261 |   1 |  306.0 |
       Dungeon |    306 |    306 |      0 |      0 |    261 |   1 |  306.0 |
               +--------+--------+--------+--------+--------+-----+--------+

Top non-repeatable levels by time:
     D:1: 306 daAuts
